AoeStats
← SeemsFishy

Arena

508271191Analyzed
4v4 RM · 10d ago on Sep 21, 2026· 51m 21s· 8 players
Game mode
Random Map
Map size
Large (8 player)
Population
200
Speed
Normal
Resources
Standard
Victory
Conquest
Starting age
Dark Age
Ending age
Imperial Age
RankedLock teamsTeams togetherTeam positionsShared explorationLock speedFull tech treeHidden civsTurbo modeCheats
Victory
Defeat
🇬🇧 Hindustanis · United Kingdom
1404
+9
🇸🇪 Teutons · Sweden
1384
+10
🇺🇸 Cumans · United States
1340
+12
🇳🇴 Mongols · Norway
1316
+13
🇩🇪 Italians · Germany
1311
-13
🇩🇪 Byzantines · Germany
1290
-13
🇩🇪 Burgundians · Germany
1205
-9
🇩🇪 Bohemians · Germany
1182
-9
Szpill
8:43 Loom
10:29 Feudal Age
11:24 Horse Collar
16:01 Castle Age
14:43 Double-Bit Axe
30:54 Imperial Age
28:46 Fletching
28:56 Padded Archer Armor
29:26 Bodkin Arrow
29:43 Bow Saw
29:38 Heavy Plow
30:25 Wheelbarrow
29:36 Town Watch
29:43 Town Watch
30:07 Gold Mining
30:39 Leather Archer Armor
31:13 Thumb Ring
30:49 Elite Skirmisher
32:48 Ballistics
33:29 Chemistry
32:32 Bracer
33:51 Hand Cart
34:34 Heavy Scorpion
37:14 Conscription
37:18 Drill
37:56 Elite Mangudai
39:10 Murder Holes
43:16 Masonry
44:05 Hoardings
Mowgli
11:28 Feudal Age
16:17 Castle Age
14:09 Horse Collar
14:39 Double-Bit Axe
17:48 Bow Saw
17:40 Heavy Plow
21:47 Loom
26:07 Wheelbarrow
25:19 Town Watch
30:22 Imperial Age
28:31 Scale Barding Armor
28:36 Forging
29:06 Hand Cart
29:10 Bloodlines
29:36 Chain Barding Armor
29:55 Masonry
30:42 Iron Casting
31:38 Plate Barding Armor
30:27 Cavalier
32:49 Chemistry
32:17 Conscription
31:54 Gold Mining
31:54 Stone Mining
32:40 Crop Rotation
33:13 Two-Man Saw
33:03 Guilds
33:24 Coinage
33:04 Caravan
35:21 Blast Furnace
34:13 Fletching
33:50 Paladin
35:51 Hoardings
36:34 Crenellations
37:15 Stone Shaft Mining
37:49 Ballistics
37:35 Siege Engineers
37:29 Bodkin Arrow
39:05 Banking
45:51 Elite Teutonic Knight
46:53 Squires
46:39 Arson
46:22 Pikeman
48:45 Scale Mail Armor
49:41 Chain Mail Armor
SeemsFishy
11:16 Feudal Age
14:56 Castle Age
12:44 Double-Bit Axe
13:05 Horse Collar
17:28 Bow Saw
18:28 Gold Mining
20:01 Wheelbarrow
19:12 Loom
20:19 Heavy Plow
21:05 Stone Mining
22:21 Gold Shaft Mining
22:44 Hand Cart
23:42 Town Watch
28:43 Imperial Age
26:22 Padded Archer Armor
27:40 Leather Archer Armor
27:47 Fortified Wall
28:56 Fletching
29:12 Scale Barding Armor
30:38 Chemistry
29:49 Masonry
30:37 Stone Shaft Mining
31:08 Ring Archer Armor
31:03 Chain Barding Armor
30:54 Forging
31:20 Shatagni
31:41 Conscription
32:34 Husbandry
32:44 Bloodlines
31:56 Light Cavalry
36:16 Ballistics
36:02 Siege Engineers
36:19 Ballistics
36:54 Hussar
40:21 Grand Trunk Road
40:59 Plate Barding Armor
41:00 Iron Casting
41:07 Bodkin Arrow
45:26 Murder Holes
46:33 Blast Furnace
45:34 Bracer
46:16 Coinage
45:47 Caravan
Embers1000
4:30 Loom
10:18 Feudal Age
11:02 Double-Bit Axe
11:26 Gold Mining
15:33 Fletching
19:50 Loom
22:26 Castle Age
22:12 Padded Archer Armor
22:05 Horse Collar
22:36 Crossbowman
23:38 Bow Saw
23:28 Bodkin Arrow
25:45 Leather Archer Armor
27:48 Gold Shaft Mining
27:18 Capped Ram
33:18 Imperial Age
33:37 Stone Mining
34:31 Ring Archer Armor
39:39 Scale Mail Armor
39:03 Pikeman
40:52 Wheelbarrow
41:29 Forging
42:09 Heavy Plow
42:21 Halberdier
45:31 Chain Mail Armor
51:46 Devotion
Banana Joe
10:27 Feudal Age
14:10 Castle Age
12:01 Double-Bit Axe
12:34 Horse Collar
17:18 Bow Saw
20:20 Wheelbarrow
21:23 Fervor
22:00 Stone Mining
22:56 Gold Mining
23:16 Fletching
27:22 Hand Cart
30:54 Imperial Age
29:14 Stone Shaft Mining
28:43 Heavy Plow
29:53 Bodkin Arrow
29:59 Padded Archer Armor
33:05 Two-Man Saw
32:28 Conscription
32:11 Bracer
32:26 Leather Archer Armor
33:45 Chemistry
33:06 Ballistics
32:31 Elite Genoese Crossbowman
34:42 Ring Archer Armor
34:21 Thumb Ring
34:54 Bloodlines
34:45 Husbandry
34:52 Scale Barding Armor
34:32 Treadmill Crane
34:59 Light Cavalry
35:47 Hussar
36:48 Chain Barding Armor
37:49 Masonry
38:18 Hoardings
38:31 Plate Barding Armor
40:05 Architecture
39:31 Murder Holes
41:27 Forging
43:59 Scale Mail Armor
44:35 Iron Casting
44:44 Squires
44:30 Arson
45:10 Chain Mail Armor
45:46 Fortified Wall
47:13 Blast Furnace
Grauhaar
10:21 Feudal Age
16:25 Castle Age
15:50 Double-Bit Axe
15:48 Horse Collar
22:30 Bow Saw
22:50 Padded Archer Armor
25:30 Chemistry
24:47 Heavy Plow
26:13 Wheelbarrow
26:38 Fletching
29:45 Hand Cart
31:27 Leather Archer Armor
31:21 Town Watch
34:44 Imperial Age
32:03 Elite Skirmisher
33:49 Bodkin Arrow
33:57 Scale Mail Armor
34:08 Forging
33:24 Pikeman
34:04 Squires
35:35 Arson
35:31 Halberdier
37:59 Scale Mail Armor
38:10 Forging
39:31 Two-Man Saw
40:07 Iron Casting
39:49 Chain Mail Armor
42:24 Blast Furnace
42:03 Plate Mail Armor
43:35 Conscription
Betze_Tobi
0:28 Loom
7:06 Double-Bit Axe
11:50 Feudal Age
10:07 Horse Collar
17:22 Castle Age
15:56 Bow Saw
18:09 Gold Mining
19:22 Two-Man Saw
19:58 Heavy Plow
20:53 Stone Mining
23:08 Wheelbarrow
22:24 Town Watch
23:09 Town Patrol
27:27 Crop Rotation
30:18 Gold Shaft Mining
29:50 Pikeman
30:31 Squires
30:17 Arson
33:31 Imperial Age
32:20 Ballistics
32:10 Scale Barding Armor
33:31 Stone Shaft Mining
33:37 Chain Barding Armor
33:15 Murder Holes
33:01 Treadmill Crane
33:33 Masonry
33:33 Fortified Wall
33:45 Hand Cart
34:20 Forging
34:32 Burgundian Vineyards
33:52 Cavalier
34:34 Husbandry
35:50 Iron Casting
36:17 Chemistry
36:05 Architecture
36:14 Plate Barding Armor
36:47 Conscription
37:26 Arrowslits
38:43 Blast Furnace
37:38 Fletching
38:26 Hoardings
37:36 Paladin
37:52 Light Cavalry
38:34 Bodkin Arrow
38:42 Scale Mail Armor
39:23 Bracer
42:59 Chain Mail Armor
42:26 Halberdier
44:55 Plate Mail Armor
WasserLasser
10:25 Feudal Age
9:47 Loom
14:53 Castle Age
13:31 Horse Collar
14:05 Double-Bit Axe
23:12 Fletching
26:36 Wheelbarrow
27:06 Scale Barding Armor
28:04 Gold Mining
30:04 Fortified Wall
30:30 Guard Tower
31:14 Bodkin Arrow
35:58 Imperial Age
35:03 Gold Shaft Mining
35:00 Chain Barding Armor
37:50 Chemistry
37:47 Bracer
37:12 Crossbowman
38:29 Thumb Ring
38:26 Padded Archer Armor
39:15 Bow Saw
39:12 Heavy Plow
39:30 Hand Cart
38:37 Arbalester
42:18 Pikeman
43:00 Scale Mail Armor
43:16 Leather Archer Armor
43:34 Forging
43:53 Ballistics
44:35 Stone Mining
44:55 Squires
47:44 Two-Man Saw
47:50 Ring Archer Armor
48:22 Chain Mail Armor
49:28 Iron Casting
50:02 Plate Mail Armor
49:19 Arson
Connection lost

Rejoining the realm…

Still unreachable

The connection could not be restored.

Session expired

The server has moved on; the page needs a fresh start.